 Dungeon Crawl Stone Soup version 0.29-a0-284-gf9362112df (webtiles) character file.

Game seed: 8011080949636975968

3196 juncz the Frost Mage (level 9, 0/59 (62) HPs)
             Began as a White Draconian Ice Elementalist on Mar 19, 2022.
             Was an Initiate of Vehumet.
             Splashed by a jelly's acid (1 damage)
             ... on level 6 of the Dungeon.
             The game lasted 00:18:29 (7892 turns).

juncz the Frost Mage (DrIE)                         Turns: 7892, Time: 00:18:30

HP:   0/59 (62)     AC: 12    Str:  7    XL:     9   Next: 64%
MP:   21/21         EV: 12    Int: 27    God:    Vehumet [......]
Gold: 345           SH:  0    Dex: 11    Spells: 18/25 levels left

rFire   + . .      SeeInvis .   p - +6 hand axe of Rukigupp {venom, rF+ rCorr Str-3}
rCold   + . .      Faith    .   (no shield)
rNeg    . . .      Spirit   .   (body armour unavailable)
rPois   +          Reflect  .   (helmet restricted)
rElec   .          Harm     .   H - +1 cloak {rPois}
rCorr   +          Rampage  .   (no gloves)
Will    .....                   f - +2 pair of boots
Stlth   ++........              (no amulet)
HPRegen 0.19/turn               k - +6 ring of intelligence
MPRegen 0.17/turn               l - ring of wizardry

@: mighty, lightly drained
A: breathe frost, AC +7, unfitting armour, cold resistance 1, cold-blooded
a: Breathe Frost, Renounce Religion


You were on level 6 of the Dungeon.
You worshipped Vehumet.
Vehumet was noncommittal.
You visited 2 branches of the dungeon, and saw 7 of its levels.
You also visited: Sewer and Ossuary.

You collected 345 gold pieces.

Inventory:

Hand Weapons
 b - a +0 spear
 p - the +6 hand axe of Rukigupp (weapon) {venom, rF+ rCorr Str-3}
   (You found it on level 2 of the Dungeon)

   It poisons the flesh of those it strikes.
   Str:       It affects your strength (-3).
   rF:        It protects you from fire.
   rCorr:     It protects you from acid and corrosion.
 r - the +6 hand axe "Concordance" {vorpal, rPois}
   (You found it on level 3 of the Dungeon)

   It inflicts extra damage upon your enemies.
   rPois:     It protects you from poison.
Missiles
 d - 107 stones (quivered)
 g - 17 poisoned darts
Armour
 f - a +2 pair of boots (worn)
 j - a +0 cloak
 H - a +1 cloak of poison resistance (worn)
Jewellery
 k - a +6 ring of intelligence (left hand)
 l - a ring of wizardry (right hand)
 s - an amulet of magic regeneration
 F - a +6 ring of intelligence
 J - a ring of protection from cold
Wands
 o - a wand of acid (10)
 G - a wand of flame (24)
 I - a wand of polymorph (11)
Scrolls
 c - a scroll of torment {unknown}
 h - a scroll of teleportation
 q - a scroll of holy word {unknown}
 t - 3 scrolls of fog {unknown}
 v - a scroll of summoning {unknown}
 y - 2 scrolls of blinking {unknown}
 B - 2 scrolls of enchant weapon {unknown}
 C - 2 scrolls of fear {unknown}
 E - 4 scrolls of vulnerability {unknown}
 K - a scroll of silence {unknown}
 M - a scroll of acquirement {unknown}
Potions
 a - a potion of magic
 e - 6 potions of flight
 i - a potion of might
 m - 3 potions of ambrosia
 n - 7 potions of curing
 u - a potion of brilliance
 z - 2 potions of invisibility {unknown}
 A - 4 potions of lignification {unknown}
 D - 4 potions of haste {unknown}
 L - a potion of cancellation {unknown}
 N - a potion of heal wounds {unknown}


   Skills:
 - Level 4.0 Axes
 - Level 1.9 Dodging
 - Level 1.9 Stealth
 + Level 8.6 Spellcasting
 + Level 11.8 Ice Magic


You had 18 spell levels left.
You knew the following spells:

 Your Spells              Type           Power      Damage    Failure   Level
a - Freeze                Ice            100%       1d11      1%          1
b - Frozen Ramparts       Ice            100%       1d12      1%          3
c - Ozocubu's Armour      Ice            66%        N/A       1%          3

Your spell library contained the following spells:

 Spells                   Type           Power      Damage    Failure   Level
 Animate Skeleton         Necr           22%        N/A       1%          1
 Apportation              Tloc           22%        N/A       1%          1
 Foxfire                  Conj/Fire      44%        2x1d6     1%          1
 Summon Small Mammal      Summ           44%        N/A       1%          1
 Hailstorm                Conj/Ice       43%        3d10      1%          4
 Blink                    Tloc           22%        N/A       3%          2
 Conjure Flame            Conj/Fire      11%        6-21      6%          3
 Inner Flame              Hex/Fire       11%        N/A       6%          3
 Lesser Beckoning         Tloc           11%        N/A       6%          3
 Flame Wave               Conj/Fire      11%        2d5       19%         4
 Manifold Assault         Tloc           11%        N/A       45%         5


Dungeon Overview and Level Annotations

Branches:
Dungeon (6/15)             Temple (1/1) D:5           Sewer (visited)
Ossuary (visited)

Altars:
Ashenzari
Cheibriados
Dithmenos
Elyvilon
Fedhas
Gozag
Hepliaklqana
Kikubaaqudgha
Makhleb
Nemelex Xobeh
Okawaru
Qazlal
Ru
Sif Muna
Trog
Uskayaw
Vehumet
Wu Jian
Xom
Yredelemnul
Zin
The Shining One

Shops:
D:5 (


Innate Abilities, Weirdness & Mutations

You can breathe waves of freezing cold which knock back foes.
Your icy white scales are hard. (AC +7)
You cannot fit into any form of body armour.
Your flesh is cold resistant. (rC+)
You are cold-blooded and may be slowed by cold attacks.


Message History

The wight attacks as you move away! The wight hits you with a +3 mace!
You hit the wight.
Your tail-slap misses the wight.
The wight is moderately damaged.
The wight hits you with a +3 mace!
* * * LOW HITPOINT WARNING * * *
You feel very mighty all of a sudden. The wight barely misses you.
You slash the wight!
You destroy the wight!
Vehumet accepts your kill.
You completely miss the wight.
The wight hits you with a +3 short sword.
* * * LOW HITPOINT WARNING * * *
You barely miss the wight. You punch the wight!
The wight is severely damaged.
The wight closely misses you.
You slash the wight!
You destroy the wight!
Vehumet accepts your kill.
You slash the wight!
The wight is severely damaged.
The wight closely misses you. The wight barely misses you.
You hit the wight.
You destroy the wight!
Vehumet accepts your kill. The wight closely misses you.
Items here: ))) [[[.
You slash the jelly!
The jelly is poisoned.
Your hands burn!
* * * LOW HITPOINT WARNING * * *
The jelly is heavily wounded.
You hit the wight. The wight hits you with a +3 halberd!
* * * LOW HITPOINT WARNING * * *
You feel drained.
* * * LOW HITPOINT WARNING * * *
The jelly hits you but does no damage.
You hit the wight.
You destroy the wight!
Vehumet accepts your kill.
You hit the jelly.
Your hands burn!
You die...

##......#### ##.
##........###.. ###
#.........##.. ..####
#.........#... .....###
###............ †......##
#.........#.... ........##
#.#####.##.....
.........### #####.#
##....... .........J.##
#)@...# ##......
.........#..###J###.##
##.#####
...........z...z.....# #<.#
# ..........♣♣♣...♣♣♣..##
##.## .........♣# #♣.♣#
#♣..# #.## .........♣ ♣.♣
♣..###.# .........♣# #♣.♣#
#♣..##..#
.......#..♣♣♣.♣.♣♣♣.......#
.......#.....♣♣♣.....#.>..#


You could see a jelly (very poisoned) and a wight.

Vanquished Creatures
  Pikel (D:5)
  Grinder (D:4)
  Prince Ribbit (D:5)
  Edmund (D:6)
  Menkaure (D:6)
  2 ice beasts (D:6)
  An ogre (D:5)
  2 centaurs
  A lemure (D:5)
  3 phantoms
  2 bullfrogs (Sewer)
  3 scorpions
  4 wights (D:6)
  The ghost of Bediveer the Shooter, a weakling DgHu (D:3)
  5 orc priests
  2 jellies
  2 hounds
  Crazy Yiuf (D:5)
  An iguana (D:5)
  5 orc wizards (D:5)
  13 mummies (Ossuary)
  15 adders
  4 river rats (Sewer)
  2 ufetubi
  A worm (D:2)
  4 dart slugs
  18 orcs
  9 endoplasms
  11 giant cockroaches
  10 goblins
  8 hobgoblins
  5 kobolds
  13 quokkas
  17 ball pythons
  4 bats
  7 frilled lizards
  4 gnoll skeletons (Ossuary)
  2 kobold skeletons (Ossuary)
  2 orc skeletons (Ossuary)
  26 rats
  11 rat skeletons (Ossuary)
226 creatures vanquished.

Notes
Turn   | Place    | Note
-------+----------+-------------------------------------------
     0 | D:1      | juncz the Draconian Ice Elementalist began the quest for
                  | the Orb.
     0 | D:1      | Reached XP level 1. HP: 14/14 MP: 3/3
   444 | D:1      | Reached XP level 2. HP: 20/20 MP: 3/5
   940 | D:1      | Reached XP level 3. HP: 26/26 MP: 1/6
   944 | D:1      | Learned a level 3 spell: Frozen Ramparts
   948 | D:1      | Learned a level 3 spell: Ozocubu's Armour
  2290 | D:2      | Identified the +6 hand axe of Rukigupp {venom, rF+ rCorr
                  | Str-3}
  2564 | D:3      | Identified the +6 hand axe "Concordance" {vorpal, rPois}
  2614 | D:3      | Noticed Bediveer's ghost (weakling DgHu)
  2616 | D:3      | Found a runed translucent door.
  2626 | D:3      | Killed Bediveer's ghost
  2627 | D:3      | Reached skill level 1 in Axes
  2627 | D:3      | Reached XP level 4. HP: 33/33 MP: 1/8
  2942 | D:3      | Reached skill level 5 in Ice Magic
  3133 | D:4      | Noticed a phantom
  3150 | D:4      | Killed a phantom
  3151 | D:4      | Reached XP level 5. HP: 35/38 MP: 8/10
  3190 | D:4      | Found a sand-covered staircase.
  3197 | Ossuary  | Entered an ossuary
  3436 | Ossuary  | Reached XP level 6. HP: 38/45 MP: 11/11
  4103 | D:4      | Found an ancient bone altar of Kikubaaqudgha.
  4223 | D:4      | Noticed Grinder
  4242 | D:4      | Paralysed by Grinder for 2 turns
  4256 | D:4      | Killed Grinder
  4257 | D:4      | Reached skill level 6 in Ice Magic
  4257 | D:4      | Your scales start taking on an icy white colour.
  4257 | D:4      | Reached skill level 7 in Ice Magic
  4257 | D:4      | Reached XP level 7. HP: 47/50 MP: 7/14
  4257 | D:4      | Gained mutation: Your flesh is cold resistant. (rC+) [White
                  | Draconian growth]
  4543 | D:5      | Entered Level 5 of the Dungeon
  4592 | D:5      | Reached skill level 5 in Spellcasting
  4614 | D:5      | Reached skill level 8 in Ice Magic
  4721 | D:5      | Found a staircase to the Ecumenical Temple.
  4770 | D:5      | Found a runed translucent door.
  4771 | D:5      | Noticed Crazy Yiuf
  4777 | D:5      | Killed Crazy Yiuf
  4811 | D:5      | Found Ballyuwn's Weapon Shoppe.
  5049 | D:5      | Reached XP level 8. HP: 57/57 MP: 16/16
  5056 | D:5      | Noticed Prince Ribbit
  5067 | D:5      | Killed Prince Ribbit
  5084 | D:5      | Found a glowing drain.
  5090 | D:5      | Reached skill level 9 in Ice Magic
  5094 | Sewer    | Entered a sewer
  5721 | D:5      | Noticed Pikel
  5728 | D:5      | Killed Pikel
  5729 | D:5      | Reached skill level 10 in Ice Magic
  5729 | D:5      | Reached XP level 9. HP: 54/62 MP: 16/20
  6147 | Temple   | Entered the Ecumenical Temple
  6583 | Temple   | Became a worshipper of Vehumet
  6688 | D:6      | Noticed Menkaure
  6733 | D:6      | Killed Menkaure
  6734 | D:6      | Reached skill level 11 in Ice Magic
  6951 | D:6      | Noticed Edmund
  6966 | D:6      | Killed Edmund
  7491 | D:6      | Found an opulent altar of Gozag.
  7891 | D:6      | HP: 3/61 [wight/+3 halberd (10)]
  7891 | D:6      | HP: 1/59 [wight/+3 halberd (2)]
  7892 | D:6      | Splashed by a jelly's acid

Illustrated notes

Levels and vault maps discovered:
D:1:      minmay_arrival_semitransparent, layout_rooms, hangedman_decor_push
D:2:      layout_loops_ring
D:3:      layout_rooms, gammafunk_ghost_grave, kennysheep_another_room,
          minivault_11
D:4:      layout_rooms, kennysheep_mini_moat, nicolae_ossuary_entry_monument,
          mrwooster_statue_mirror, uniq_grinder
D:5:      layout_basic, minmay_temple_entry_proselytizer, serial_shops,
          shop_statue, gup_sewer_entry_pipe, kennysheep_generic_room_15,
          uniq_crazy_yiuf_cottage, uniq_prince_ribbit1, uniq_pikel
D:6:      layout_cave_pods, mainiacjoe_overflow_surrounded_room,
          minmay_stone_trees_medium, uniq_edmund, uniq_maggie, uniq_menkaure
Temple:   mainiacjoe_temple_big_plus

Skill      XL: |  1  2  3  4  5  6  7  8  9 |
---------------+----------------------------+-----
Spellcasting   | 3 4 5 7 8 |  8.6
Axes           | 1 2 3 4 |  4.0
Ice Magic      | 5 7 8 10 11 | 11.8
Dodging        | |  1.9
Stealth        | |  1.9

Action                   |  1- 3 |  4- 6 |  7- 9 || total
-------------------------+-------+-------+-------++-------
Melee: Spear             |    30 |       |       ||    30
       Hand axe          |     9 |   177 |   219 ||   405
       Tailslap          |     3 |    21 |    26 ||    50
       Punch             |       |     2 |     2 ||     4
Throw: Stone             |     3 |       |       ||     3
 Cast: Freeze            |    34 |       |     3 ||    37
       Frozen Ramparts   |    20 |     2 |    15 ||    37
       Ozocubu's Armour  |     1 |     1 |       ||     2
 Abil: Breathe Frost     |       |       |     1 ||     1
  Use: Scroll            |     4 |       |     8 ||    12
       Potion            |       |       |     1 ||     1
 Stab: Sleeping          |     5 |     6 |     1 ||    12
Armor: Skin              |    12 |    40 |   114 ||   166
Dodge: Dodged            |    45 |    67 |   164 ||   276

Table legend: (Time is in decaauts)
 A = Elapsed time spent in this place.
 B = Non-inter-level travel time spent in this place.
 C = Inter-level travel time spent in this place.
 D = Time resting spent in this place.
 E = Time spent auto-exploring this place.
 F = Levels seen in this place.
 G = Mean time per level.
                   A        B        C        D        E       F      G
               +--------+--------+--------+--------+--------+-----+--------+
         Total |   8006 |   7821 |    185 |    635 |   5621 |   9 |  889.6 |
       Dungeon |   6244 |   6125 |    119 |    635 |   4326 |   6 | 1040.7 |
        Temple |    458 |    392 |     66 |      0 |    383 |   1 |  458.0 |
         Sewer |    440 |    440 |      0 |      0 |    284 |   1 |  440.0 |
       Ossuary |    862 |    862 |      0 |      0 |    628 |   1 |  862.0 |
               +--------+--------+--------+--------+--------+-----+--------+

Top non-repeatable levels by time:
     D:1: 1443 daAuts
     D:5: 1263 daAuts
     D:6: 1261 daAuts
     D:2: 1061 daAuts
 Ossuary: 862 daAuts
     D:3: 622 daAuts
     D:4: 591 daAuts
  Temple: 458 daAuts
   Sewer: 440 daAuts
